 Dungeon Crawl Stone Soup version 0.26.1-2-gb8aa6d0cf2 (webtiles) character file.

Game seed: 1386553897365528134

14174780 DearestLeader the Archmage (level 27, 199/199 HPs)
             Began as a Gargoyle Earth Elementalist on Mar 8, 2021.
             Was the Champion of Vehumet.
             Escaped with the Orb
             ... and 15 runes on Mar 10, 2021!
             The game lasted 06:07:16 (112468 turns).

DearestLeader the Archmage (GrEE)                 Turns: 112468, Time: 06:07:16

Health: 199/199    AC: 41    Str: 16    XL:     27
Magic:  5/63       EV: 21    Int: 28    God:    Vehumet [******]
Gold:   12746      SH:  9    Dex:  8    Spells: 19/80 levels left

rFire    + + +     SeeInvis .   M - staff of earth
rCold    + + +     Faith    .   o - +1 buckler "Vetus" {rElec rC+}
rNeg     + + +     Spirit   .   t - +0 faerie dragon scales {rElec rF+++ rCorr Slay-6 Stlth-}
rPois    ∞         Reflect  .   O - -2 hat of the Alchemist {rElec rPois rF+ rC+ rN+ Will+ rMut rCorr}
rElec    +         Harm     .   w - +2 cloak "Gunum" {*Contam Rampage rN+}
rCorr    +         Rampage  +   m - +2 pair of gloves {Str+3}
rMut     +         Clarity  +   K - +2 pair of boots {run}
Will     +++++                  I - amulet of the Four Winds {rN+ Will+++ Clar}
Stlth    ..........             p - ring of magical power
HPRegen  0.43/turn              k - ring of protection from cold
MPRegen  0.38/turn

@: flying, quick
A: big wings, claws 1, horns 1, clumsy 1, fire resistance 1, negative energy
resistance 1, electricity resistance, unbreathing, petrification resistance,
miasma immunity, subdued magic 1, AC +20
0: Orb of Zot
}: 15/15 runes: serpentine, barnacled, slimy, silver, golden, iron, obsidian,
icy, bone, abyssal, demonic, glowing, magical, fiery, dark
a: Stop Flying, Renounce Religion


You escaped.
You worshipped Vehumet.
Vehumet was exalted by your worship.
You visited 18 branches of the dungeon, and saw 90 of its levels.
You visited Pandemonium 1 time, and saw 22 of its levels.
You visited the Abyss 2 times.
You visited 1 bazaar.
You also visited: Trove, Ossuary, Ice Cave and Desolation.

You collected 15290 gold pieces.
You spent 2544 gold pieces at shops.

Inventory:

Missiles
 b - 1942 stones
Armour
 m - a +2 pair of gloves of strength (worn)
 o - the +1 buckler "Vetus" (worn) {rElec rC+}
   (You found it in a treasure trove)

   It protects you from cold.
   It insulates you from electricity.
 t - the +0 faerie dragon scales (worn) {rElec rF+++ rCorr Slay-6 Stlth-}
   (You took it off the Enchantress on level 2 of the Depths)

   It affects your accuracy and damage with ranged weapons and melee attacks
   (-6).
   It renders you almost immune to fire.
   It insulates you from electricity.
   It provides partial protection from all sources of acid and corrosion.
   It makes you less stealthy.
 w - the +2 cloak "Gunum" (worn) {*Contam Rampage rN+}
   (You bought it in a shop on level 10 of the Dungeon)

   It protects you from negative energy.
   It causes magical contamination when unequipped.
   It bestows one free step when moving towards enemies.
 K - a +2 pair of boots of running (worn)
 O - the -2 hat of the Alchemist (worn) {rElec rPois rF+ rC+ rN+ Will+ rMut rCorr}
   (You found it in a treasure trove)

   It protects you from fire.
   It protects you from cold.
   It insulates you from electricity.
   It protects you from poison.
   It protects you from negative energy.
   It affects your willpower, your defense against some magical effects.
   It provides partial protection from all sources of acid and corrosion.
   It protects you from mutation.
 Z - the +4 skin of Zhor {Englaciate rC+++ SInv}
   (You found it on level 7 of Tartarus)

   It renders you almost immune to cold.
   It lets you see invisible.
Magical Staves
 i - an uncursed staff of cold
 M - an uncursed staff of earth (weapon)
Jewellery
 e - an uncursed ring of positive energy
 k - a ring of protection from cold (right hand)
 p - a ring of magical power (left hand)
 s - the ring of Dicsual {rF+ rCorr}
   (You took it off a cherub in Pandemonium)

   [ring of resist corrosion]

   It protects you from fire.
   It provides partial protection from all sources of acid and corrosion.
 I - the amulet of the Four Winds (around neck) {rN+ Will+++ Clar}
   (You took it off an orc on level 3 of the Elven Halls)

   [amulet of nothing]

   It protects you from negative energy.
   It affects your willpower, your defense against some magical effects.
   It protects you against confusion.
 N - the ring "Gairim" {*Drain rN++ rCorr Str+4}
   (You took it off Asmodeus on level 7 of Gehenna)

   [ring of resist corrosion]

   It affects your strength (+4).
   It greatly protects you from negative energy.
   It provides partial protection from all sources of acid and corrosion.
   It causes draining when unequipped.
 P - the ring "Suiquat" {Will+ Dex+4}
   (You bought it in a shop in a bazaar)

   [ring of willpower]

   It affects your dexterity (+4).
   It affects your willpower, your defense against some magical effects.
 U - the amulet of Deschoufa {RegenMP rC+ Dex+2}
   (You found it in Pandemonium)

   [amulet of magic regeneration]

   It increases your magic regeneration.
   It affects your dexterity (+2).
   It protects you from cold.
 W - the amulet of the Seven Queens {RegenMP *Slow rPois rF+++ Str+3}
   (You found it on level 2 of the Snake Pit)

   [amulet of magic regeneration]

   It increases your magic regeneration.
   It affects your strength (+3).
   It renders you almost immune to fire.
   It protects you from poison.
   It may slow you when you take damage.
Wands
 d - a wand of acid (13)
 f - a wand of polymorph (36)
 h - a wand of random effects (85)
 B - a wand of paralysis (29)
 R - a wand of enslavement (60)
 S - a wand of digging (17)
 T - a wand of disintegration (44)
 V - a wand of iceblast (66)
 X - a wand of flame (22)
Scrolls
 a - 40 scrolls of teleportation
 g - 15 scrolls of fear
 l - a scroll of enchant weapon
 r - 13 scrolls of blinking
 u - 2 scrolls of enchant armour
 z - 5 scrolls of fog
 C - 3 scrolls of holy word
 E - 47 scrolls of remove curse
 F - 2 scrolls of summoning
 L - 4 scrolls of magic mapping
 Q - a scroll of amnesia
 Y - 9 scrolls of identify
Potions
 c - 6 potions of resistance
 n - 3 potions of curing
 q - 11 potions of brilliance
 v - 5 potions of heal wounds
 x - 7 potions of invisibility
 y - 6 potions of cancellation
 A - 6 potions of mutation
 D - 5 potions of might
 G - 13 potions of haste
 J - 2 potions of ambrosia
Miscellaneous
 j - a figurine of a ziggurat
 H - a phantom mirror


   Skills:
 O Level 27 Fighting
 - Level 12.0 Staves
 - Level 19.4 Armour
 + Level 22.8 Dodging
 - Level 2.1 Stealth
 + Level 20.9 Shields
 O Level 27 Spellcasting
 - Level 4.8 Conjurations
 - Level 10.3 Hexes
 + Level 20.1 Translocations
 - Level 0.7 Transmutations
 - Level 25.0 Ice Magic
 O Level 27 Earth Magic


You had 19 spell levels left.
You knew the following spells:

 Your Spells              Type           Power        Failure   Level
a - Sandblast             Erth           100%         0%          1
b - Stone Arrow           Conj/Erth      100%         0%          3
c - Lee's Rapid Deconstr  Erth           60%          0%          5
d - Petrify               Tmut/Erth      93%          0%          4
e - Frozen Ramparts       Ice            100%         0%          3
f - Borgnjor's Vile Clut  Necr/Erth      46%          1%          5
g - Ozocubu's Refrigerat  Ice            47%          0%          6
h - Invisibility          Hex            65%          1%          6
i - Absolute Zero         Ice            47%          1%          9
j - Shatter               Erth           60%          1%          9
k - Blink                 Tloc           N/A          0%          2
l - Disjunction           Tloc           43%          1%          8

Your spell library contained the following spells:

 Spells                   Type           Power        Failure   Level
 Chain Lightning          Conj/Air       19%          98%         8
 Apportation              Tloc           100%         0%          1
 Corona                   Hex            72%          0%          1
 Freeze                   Ice            100%         0%          1
 Ensorcelled Hibernation  Hex/Ice        100%         0%          2
 Passwall                 Tmut/Erth      77%          0%          2
 Slow                     Hex            65%          0%          2
 Gell's Gravitas          Tloc           43%          0%          3
 Lesser Beckoning         Tloc           43%          0%          3
 Ozocubu's Armour         Ice            95%          0%          3
 Portal Projectile        Hex/Tloc       100%         0%          3
 Teleport Other           Tloc           86%          0%          3
 Hailstorm                Conj/Ice       76%          0%          4
 Iskenderun's Mystic Bla  Conj/Tloc      70%          0%          4
 Leda's Liquefaction      Hex/Erth       52%          0%          4
 Passage of Golubria      Tloc           N/A          0%          4
 Metabolic Englaciation   Hex/Ice        40%          0%          5
 Dispersal                Tloc           43%          0%          6
 Animate Skeleton         Necr           58%          1%          1
 Beastly Appendage        Tmut           64%          1%          1
 Foxfire                  Conj/Fire      100%         1%          1
 Magic Dart               Conj           100%         1%          1
 Sting                    Tmut/Pois      100%         1%          1
 Summon Small Mammal      Summ           100%         1%          1
 Call Imp                 Summ           29%          1%          2
 Corpse Rot               Necr/Air       N/A          1%          2
 Poisonous Vapours        Pois/Air       58%          1%          2
 Swiftness                Air            29%          1%          2
 Wereblood                Tmut           32%          1%          2
 Call Canine Familiar     Summ           29%          1%          3
 Confusing Touch          Hex            65%          1%          3
 Conjure Flame            Conj/Fire      39%          1%          3
 Dazzling Flash           Conj/Hex       100%         1%          3
 Ignite Poison            Fire/Tmut/Pois 30%          1%          3
 Inner Flame              Hex/Fire       50%          1%          3
 Mephitic Cloud           Conj/Pois/Air  36%          1%          3
 Spider Form              Tmut/Pois      15%          1%          3
 Static Discharge         Conj/Air       39%          1%          3
 Summon Guardian Golem    Hex/Summ       50%          1%          3
 Tukima's Dance           Hex            65%          1%          3
 Vampiric Draining        Necr           14%          1%          3
 Cause Fear               Hex            32%          1%          4
 Ice Form                 Ice/Tmut       71%          1%          4
 Sticky Flame             Conj/Fire      39%          1%          4
 Summon Ice Beast         Ice/Summ       70%          1%          4
 Bolt of Magma            Conj/Fire/Erth 42%          1%          5
 Fireball                 Conj/Fire      19%          1%          5
 Irradiate                Conj/Tmut      20%          1%          5
 Iskenderun's Battlesphe  Conj           50%          1%          5
 Lightning Bolt           Conj/Air       19%          1%          5
 Silence                  Hex/Air        25%          1%          5
 Summon Forest            Summ/Tloc      32%          1%          5
 Summon Mana Viper        Hex/Summ       50%          1%          5
 Yara's Violent Unravell  Hex/Tmut       26%          1%          5
 Freezing Cloud           Conj/Ice/Air   32%          1%          6
 Iron Shot                Conj/Erth      49%          1%          6
 Simulacrum               Ice/Necr       35%          1%          6
 Lehudib's Crystal Spear  Conj/Erth      49%          1%          8
 Animate Dead             Necr           14%          7%          4
 Summon Lightning Spire   Summ/Air       29%          7%          4
 Malign Gateway           Summ/Tloc      32%          10%         7
 Conjure Ball Lightning   Conj/Air       19%          11%         6
 Starburst                Conj/Fire      19%          11%         6
 Blade Hands              Tmut           16%          14%         5
 Alistair's Intoxication  Tmut/Pois      20%          17%         5
 Agony                    Necr           29%          19%         5
 Excruciating Wounds      Necr           14%          19%         5
 Summon Demon             Summ           14%          19%         5
 Orb of Destruction       Conj           25%          21%         7
 Eringya's Noxious Bog    Tmut/Pois      15%          24%         6
 Spellforged Servitor     Conj/Summ      19%          50%         7
 Hydra Form               Tmut           16%          63%         6
 Shadow Creatures         Summ           N/A          73%         6
 Dragon Form              Tmut           16%          99%         7
 Monstrous Menagerie      Summ           14%          100%        7
 Summon Greater Demon     Summ           14%          100%        7
 Summon Hydra             Summ           14%          100%        7
 Ignition                 Fire           14%          100%        8
 Summon Horrible Things   Summ           14%          100%        8
 Death's Door             Necr           14%          100%        9
 Dragon's Call            Summ           14%          100%        9
 Fire Storm               Conj/Fire      19%          100%        9
 Tornado                  Air            14%          100%        9
 Sublimation of Blood     Necr           Unusable     N/A         2
 Statue Form              Tmut/Erth      Unusable     N/A         6

Dungeon Overview and Level Annotations

Branches:
Dungeon (15/15)            Temple (1/1) D:6            Lair (6/6) D:8
 Shoals (4/4) Lair:2        Snake (4/4) Lair:4        Slime (5/5) Lair:6
    Orc (2/2) D:11            Elf (3/3) Orc:2        Vaults (5/5) D:13
  Crypt (3/3) Vaults:2       Tomb (3/3) Crypt:3      Depths (5/5) D:15
   Hell (visited)             Dis (7/7) Hell            Geh (7/7) Hell
    Coc (7/7) Hell            Tar (7/7) Hell            Zot (5/5) Depths:5
Ossuary (visited)           IceCv (visited)         Desolation (visited)

Altars:
Ashenzari
Cheibriados
Dithmenos
Elyvilon
Fedhas
Gozag
Hepliaklqana
Kikubaaqudgha
Makhleb
Nemelex Xobeh
Okawaru
Qazlal
Ru
Sif Muna
Trog
Uskayaw
Vehumet
Wu Jian
Xom
Yredelemnul
Zin
The Shining One
Beogh
Jiyva

Shops:
D:4 *   D:10 ([   D:11 !   Orc:2 [*[}   Elf:2 ?   Elf:3 (   Shoals:1 }
Snake:1 ?([   Snake:3 [   Vaults:1 =   Vaults:2 *   Depths:1 }=}   Depths:3 *

Portals:
Hell: Depths:1 Depths:2 Depths:3 Depths:4 Depths:5
Abyss: Depths:4
Pandemonium: Depths:3 Depths:4
Ziggurat: Depths:5

Annotations:
D:8 3 runed translucent doors
D:10 1 runed translucent door
Vaults:1 1 runed translucent door, astronautguy's ghost, master FoEE
Coc:7 exclusion: ice statue


Innate Abilities, Weirdness & Mutations

You are resistant to torment.
Your stone body is resilient. (AC +20)
You are immune to poison.
Your large and strong wings let you fly indefinitely.
You resist negative energy. (rN+)
You are resistant to electric shocks. (rElec)
You can survive without breathing.
You are immune to petrification.
You are immune to miasma.
You have sharp fingernails.
You have a pair of small horns on your head.
You are clumsy. (Dex -2)
Your flesh is heat resistant. (rF+)
Your spells are a little easier to cast, but a little less powerful.


Message History

Unknown command.
Casting: Shatter (mildly dangerous; 1% risk of failure)
Confirm with . or Enter, or press ? or * to list all spells.
You feel a surge of power!
The dungeon rumbles!
Ka-crash!
Unknown command.
Casting: Shatter (mildly dangerous; 1% risk of failure)
Confirm with . or Enter, or press ? or * to list all spells.
You feel a surge of power!
The dungeon rumbles!
A door shatters! x3
Ka-crash!
There is a staircase leading out of the dungeon here.
Casting: Shatter (mildly dangerous; 1% risk of failure)
Confirm with . or Enter, or press ? or * to list all spells.
You feel a surge of power!
The dungeon rumbles!
A door shatters!
Ka-crash!
You have escaped!

###.. ## . .#.. . ..
### .#.# ## .
.#.##..#..## ..# #.
...........#
.#..##.###......#...#
.#..........##......##
.#..............@....#
.#........##.#.#....##
..........##..+.##...#
.#....#...##.........#
.#.#...#...###.##.##.#
.#....#....# ...### ##
.#.####...###.#.# .#
.#..# ###.#### .#
#..... #....#


There were no monsters in sight!

Vanquished Creatures
  Cerebov (Pan)
  Asmodeus (Geh:7)
  Antaeus (Coc:7)
  the Royal Jelly (Slime:5)
  Gloorx Vloq (Pan)
  Ereshkigal (Tar:7)
  Lom Lobon (Pan)
  A seraph (Pan)
  Mnoleg (Pan)
  Dispater (Dis:7)
  10 ancient liches
  Mennas (Pan)
  Mara (Crypt:3)
  A juggernaut (Depths:5)
  5 orbs of fire (Zot:5)
  Sojobo (Vaults:4)
  9 shard shrikes
  25 royal mummies
  Bai Suzhen (Crypt:3)
  Margery (Crypt:1)
  5 Killer Klowns (Zot:5)
  A curse toe (Zot:4)
  Saint Roka (Elf:3)
  13 caustic shrikes
  Geryon (Hell)
  The ghost of Marixus the Executioner, an adept HOFi of Beogh (Vaults:4)
  9 golden dragons
  Jory (Tomb:2)
  the Enchantress (Depths:2)
  The ghost of theMacoje the Slayer, an adept OgEn of Okawaru (Vaults:3)
  The ghost of kelmiir the Luminary of Lethal Lore, an adept GnFE of Vehumet (Vaults:4)
  2 pearl dragons (Pan)
  15 bone dragons
  A profane servitor (Abyss:1)
  7 iron giants (Dis:7)
  6 doom hounds
  19 Tzitzimimeh
  4 pandemonium lords (Pan)
  The ghost of SpeedRobin the Champion of Chaos, an adept DDFi of Makhleb (Vaults:3)
  2 electric golems
  21 Brimstone Fiends
  23 tentacled monstrosities
  18 Ice Fiends
  20 Hell Sentinels
  7 titans
  22 Orb Guardians
  22 liches
  21 acid blobs
  3 deep elf blademasters
  2 deep elf master archers (Elf:3)
  14 sphinxes
  9 death cobs
  Kirke (D:13)
  17 Executioners
  10 quicksilver dragons
  A kraken (Shoals:3)
  Polyphemus (Shoals:2)
  5 tengu reavers
  Gastronok (D:10)
  11 ancient champions
  7 shadow dragons
  10 tentacled starspawn
  10 storm dragons
  3 draconian monks
  Donald (Shoals:2)
  16 fire giants
  10 azure jellies
  Roxanne (D:15)
  21 daevas (Pan)
  5 deep elf sorcerers
  4 revenants
  9 nagarajas
  18 frost giants
  3 draconian knights
  7 blood saints (Pan)
  Aizul (Shoals:2)
  22 vault wardens
  8 corrupters (Pan)
  An imperial myrmidon (Desolation)
  30 balrugs
  12 iron dragons
  8 warmongers (Pan)
  Louise (D:15)
  7 deep elf elementalists
  A ghost moth (Zot:4)
  4 draconian scorchers
  2 curse skulls (Pan)
  27 angels
  24 cacodemons
  A draconian shifter (Zot:5)
  4 ghouls (Crypt:1)
  3 elemental wellsprings
  53 reapers
  7 ironheart preservers
  7 draconian annihilators
  18 very ugly things
  5 draconian stormcallers
  23 stone giants
  16 ophanim
  24 war gargoyles
  6 bennus
  7 spriggan defenders
  7 green draconians
  5 black suns (Pan)
  7 deep elf demonologists
  12 vampire knights
  6 lorocyprocas
  29 apis (Pan)
  8 black draconians
  11 deep elf annihilators
  An entropy weaver (Vaults:1)
  A minotaur (shapeshifter) (Elf:3)
  7 purple draconians
  6 red draconians
  A halazid warlock (Vaults:2)
  4 yellow draconians
  6 white draconians
  4 spark wasps
  A dire elephant (D:15)
  Azrael (Orc:2)
  22 mummy priests
  4 crystal guardians
  18 blizzard demons
  5 death oozes (Slime:5)
  8 ettins
  10 deep elf death magi
  7 merfolk impalers
  5 eidola
  2 ragged hierophants (Desolation)
  12 green deaths
  7 deep elf high priests
  3 kraken zombies
  Josephine (D:10)
  8 quicksilver dragon zombies
  2 jiangshi (Crypt:1)
  10 great orbs of eyes
  4 merfolk javelineers (Shoals:4)
  Erolcha (D:9)
  3 hell beasts (Pan)
  4 quicksilver dragon skeletons
  11 rakshasas
  34 ice dragons
  8 fire dragons
  5 boulder beetles
  2 peacekeepers (Desolation)
  6 centaur warriors
  39 vault guards
  Fannar (D:10)
  17 naga warriors
  15 yaktaur captains
  A juggernaut simulacrum (Pan)
  8 anacondas
  11 hydras
  6 monstrous demonspawn
  6 spriggan air magi
  3 merfolk avatars (Shoals:4)
  Erica (D:10)
  4 catoblepae
  9 ogre magi
  An anaconda (shapeshifter) (Depths:4)
  5 death knights
  2 ghost crabs (Tar:2)
  3 alligator snapping turtles (Shoals:4)
  13 death yaks
  24 dancing weapons
  3 merfolk aquamancers (Shoals:4)
  A two-headed ogre (shapeshifter) (Vaults:5)
  12 deep troll shamans
  6 tengu warriors
  8 titan zombies
  65 death scarabs
  4 orc high priests (Orc:2)
  12 thrashing horrors
  30 two-headed ogres
  38 hell hogs
  2 satyrs (Shoals:2)
  9 deep troll earth magi
  10 vampire magi
  4 storm dragon zombies
  8 shock serpents
  56 sun demons
  25 soul eaters
  6 spriggans
  18 naga sharpshooters
  Sonja (Lair:6)
  5 spriggan berserkers
  18 deep elf knights
  9 iron golems
  52 hell knights
  3 salamander mystics
  6 unseen horrors
  19 sixfirhies
  3 titan skeletons
  10 shadow wraiths
  2 ghost moth zombies
  12 iron trolls
  22 sea snakes
  A spatial maelstrom (Abyss:1)
  109 skeletal warriors
  18 cherubim (Pan)
  7 golden dragon zombies
  A goliath frog (Crypt:1)
  13 anaconda zombies
  13 wretched stars
  5 storm dragon skeletons
  9 torturous demonspawn
  11 starcursed masses
  A death drake (Tar:6)
  9 flayed ghosts
  4 shadow dragon zombies
  8 glowing orange brains
  6 infernal demonspawn (Pan)
  15 deep elf archers
  8 wizards
  30 deep trolls
  18 shadow demons
  A lindwurm (Lair:6)
  A swamp dragon (Lair:6)
  10 naga ritualists
  5 bog bodies
  20 ironbrand convokers
  21 necromancers
  15 phantasmal warriors
  8 anaconda skeletons
  16 mana vipers
  3 gelid demonspawn (Pan)
  24 harpies
  6 golden dragon skeletons
  6 wolf spider zombies
  64 deep elf magi
  8 wolf spiders
  12 orc knights
  3 shadow dragon skeletons
  46 ugly things
  16 fauns
  2 iron dragon zombies
  3 oklob plants
  A manticore (shapeshifter) (Vaults:4)
  3 fire giant zombies
  5 orc sorcerers
  2 stone giant zombies
  15 cyclopes
  14 frost giant zombies
  22 manticores
  12 salamanders
  A will-o-the-wisp (Abyss:1)
  3 iron dragon skeletons
  3 worldbinders
  A salamander (shapeshifter) (Vaults:5)
  4 shining eyes
  Joseph (D:8)
  45 black mambas
  17 moths of wrath
  7 dire elephant zombies
  11 merfolk sirens
  11 elephants
  9 stone giant skeletons
  6 eyes of devastation
  5 torpor snails (Lair:6)
  10 guardian serpents (Snake:4)
  44 rust devils
  9 titan simulacra
  11 water nymphs
  8 apocalypse crabs
  16 vault sentinels
  4 ice statues
  9 fire giant skeletons
  5 gargoyles
  22 naga magi
  13 molten gargoyles
  34 hellions
  4 centaur skeletons
  Psyche (D:10)
  30 smoke demons
  4 storm dragon simulacra (Coc:7)
  4 cane toads
  5 frost giant skeletons
  A purple draconian zombie (Crypt:2)
  A shock serpent zombie (Crypt:1)
  3 catoblepas zombies
  8 dire elephant skeletons
  2 kobold demonologists
  3 rime drakes
  53 yaktaurs
  36 orange demons
  2 shock serpent skeletons
  A yaktaur (shapeshifter) (Depths:3)
  2 catoblepas skeletons
  15 demonic crawlers
  46 tormentors
  46 ice devils
  41 freezing wraiths
  4 emperor scorpion zombies
  An iron troll zombie (Crypt:2)
  6 efreet
  A redback zombie (D:15)
  24 hellwings
  27 small abominations
  2 tengu conjurers
  57 guardian mummies
  8 ancient zymes
  13 komodo dragons
  A silent spectre (Abyss:3)
  A green draconian skeleton (Crypt:1)
  13 hydra zombies
  A red draconian skeleton (Geh:7)
  6 anaconda simulacra
  48 red devils
  2 meliai (shapeshifter)
  A troll (shapeshifter) (Vaults:1)
  4 tyrant leeches (Lair:6)
  3 harpy zombies
  A purple draconian skeleton (Crypt:2)
  30 merfolk
  13 trolls
  18 hornets
  10 hydra skeletons
  A wind drake (shapeshifter) (Abyss:3)
  54 slime creatures
  A raiju (shapeshifter) (Abyss:3)
  A blink frog (shapeshifter) (Depths:2)
  6 polar bears
  12 saltlings (Desolation)
  7 wind drakes
  A slime creature (shapeshifter) (Vaults:5)
  5 alligator zombies
  6 raiju
  4 dream sheep (Shoals:2)
  8 ettin zombies
  19 snapping turtles
  6 ice dragon zombies
  A fire giant simulacrum (Tar:2)
  8 fire dragon zombies
  3 fire dragon skeletons
  2 stone giant simulacra
  166 flying skulls
  6 ettin skeletons
  7 vampires
  2 black mamba zombies
  35 shadows
  Sigmund (D:3)
  58 yaks
  16 ynoxinuls
  26 water elementals
  An air elemental (Elf:3)
  6 ice dragon skeletons
  2 redbacks (Vaults:1)
  2 redbacks (shapeshifter)
  3 alligator skeletons
  2 wyverns
  15 ushabtiu
  A fire bat (shapeshifter) (Depths:5)
  43 large abominations
  A tarantella (shapeshifter) (Vaults:1)
  39 wraiths
  A yak (shapeshifter) (Depths:2)
  31 fire elementals
  4 hogs
  3 fire bats
  2 black mamba skeletons
  2 golden eyes (shapeshifter)
  20 chaos spawn
  21 neqoxecs
  5 basilisks
  8 golden eyes
  4 steam dragons
  5 vampire mosquitoes
  10 wargs
  A warg (shapeshifter) (Depths:5)
  A spatial vortex (Abyss:1)
  52 nagas
  A soldier ant (D:12)
  2 acid dragons
  A merfolk zombie (Dis:7)
  22 water moccasins
  42 hell hounds
  8 hydra simulacra
  A deep troll skeleton (Crypt:1)
  2 swamp drakes (Lair:6)
  6 floating eyes
  A floating eye (shapeshifter) (Vaults:5)
  11 cane toad zombies
  An infernal demonspawn skeleton (Crypt:1)
  36 orc warriors
  7 sky beasts
  14 ice beasts
  6 cane toad skeletons
  17 phantoms
  An alligator simulacrum (Coc:3)
  5 black bears
  4 snapping turtle zombies
  3 swamp dragon zombies
  3 ettin simulacra
  A hornet zombie (D:9)
  23 ogres
  7 eyes of draining
  3 manticore zombies
  9 boggarts
  A tengu (shapeshifter) (D:14)
  21 necrophages
  3 wolves (Lair:5)
  A manticore skeleton (Geh:3)
  A swamp dragon skeleton (Coc:4)
  A tengu (Abyss:3)
  13 centaurs
  3 snapping turtle skeletons
  18 bullfrogs
  8 big kobolds
  2 wyvern zombies
  2 gnoll sergeants
  A palentonga skeleton (Crypt:1)
  3 cane toad simulacra
  An elf skeleton (Tomb:1)
  5 scorpions
  A cyclops skeleton (Crypt:1)
  A troll zombie (Geh:7)
  13 killer bees
  A spriggan zombie (Geh:2)
  41 wights
  2 human simulacra
  An electric eel (Lair:5)
  A howler monkey (D:6)
  6 centaur zombies
  10 crimson imps
  3 human zombies
  3 quasits
  7 jellies
  10 hounds
  31 orc wizards
  39 orc priests
  5 bullfrog skeletons
  31 iron imps
  2 human skeletons
  10 iguanas
  12 worker ants
  A hell rat (Crypt:1)
  An acid dragon zombie (Crypt:1)
  A sky beast zombie (Crypt:1)
  A demigod skeleton (Crypt:2)
  A naga skeleton (Pan)
  2 ogre skeletons
  2 hound zombies
  76 mummies
  A howler monkey zombie (D:7)
  Robin (D:3)
  A howler monkey skeleton (D:10)
  27 gnolls
  25 adders
  6 shadow imps
  30 white imps
  A worm zombie (Crypt:1)
  2 adder skeletons
  2 adder zombies (D:7)
  2 worms
  3 dart slugs
  4 leopard geckos
  122 orcs
  2 ball pythons
  10 giant cockroaches
  3 gnoll zombies (Ossuary)
  7 hobgoblins
  17 jackals
  2 quokkas
  6 bats
  A dart slug zombie (Crypt:1)
  7 frilled lizards
  19 goblins
  A goblin zombie (Ossuary)
  A hobgoblin skeleton (Crypt:2)
  2 hobgoblin zombies
  A jackal skeleton (D:10)
  24 kobolds
  A kobold skeleton (Coc:3)
  2 kobold zombies
  A leopard gecko skeleton (D:4)
  A leopard gecko zombie (D:5)
  2 orc skeletons
  3 orc zombies
  A quokka zombie (D:8)
  6 rats
  91 blocks of ice
  6 briar patches (Pan)
  17 crawling corpses
  4 starspawn tentacles
  5 tentacles
5215 creatures vanquished.

Vanquished Creatures (collateral kills)
  A soul eater (Tar:7)
  A silent spectre (Tar:7)
  A shadow (Tar:7)
3 creatures vanquished.

Vanquished Creatures (others)
  A tentacled starspawn (Abyss:2)
  A fire giant (Vaults:3)
  A blizzard demon (Coc:7)
  A hell hog (Geh:4)
  A soul eater (Pan)
  A black mamba (Lair:6)
  A dire elephant zombie (Coc:5)
  2 raiju (Abyss:2)
  A fire bat (Abyss:3)
  2 shadows
  2 wraiths
  A chaos spawn (Pan)
  A naga (Snake:3)
  A swamp drake (Lair:6)
  3 ball lightnings (Pan)
  477 blocks of ice
  A bush (Lair:3)
  7 foxfires (Abyss:1)
  35 fungi
  2 lurking horrors (Abyss:2)
  351 plants
  16 starspawn tentacles
  11 tentacles
920 creatures vanquished.

Grand Total: 6138 creatures vanquished

Notes
Turn   | Place    | Note
-------+----------+-------------------------------------------
     0 | D:1      | DearestLeader the Gargoyle Earth Elementalist began the
                  | quest for the Orb.
     0 | D:1      | Reached XP level 1. HP: 10/10 MP: 3/3
   231 | D:1      | Reached XP level 2. HP: 5/15 MP: 1/5
  1153 | D:2      | Reached skill level 5 in Earth Magic
  1153 | D:2      | Reached XP level 3. HP: 10/19 MP: 1/6
  1157 | D:2      | Learned a level 3 spell: Stone Arrow
  1628 | D:2      | Reached XP level 4. HP: 24/24 MP: 1/7
  2181 | D:2      | Reached XP level 5. HP: 28/28 MP: 6/8
  2830 | D:3      | Noticed Sigmund
  2836 | D:3      | Killed Sigmund
  2837 | D:3      | Reached XP level 6. HP: 24/32 MP: 4/9
  2845 | D:3      | Learned a level 5 spell: Lee's Rapid Deconstruction
  3094 | D:3      | Noticed Robin
  3171 | D:3      | Killed Robin
  3962 | D:4      | Reached XP level 7. HP: 29/36 MP: 5/10
  4467 | D:4      | Reached skill level 10 in Earth Magic
  4827 | D:4      | Found Bataupig's Assorted Antiques.
  5067 | D:5      | Entered Level 5 of the Dungeon
  5088 | D:5      | Reached XP level 8. HP: 41/41 MP: 11/11
  5112 | D:5      | Reached skill level 1 in Fighting
  5244 | D:5      | Found a sand-covered staircase.
  5252 | Ossuary  | Entered an ossuary
  6548 | D:6      | Found a staircase to the Ecumenical Temple.
  6583 | Temple   | Entered the Ecumenical Temple
  6637 | Temple   | Became a worshipper of Vehumet
  6908 | D:6      | Reached XP level 9. HP: 47/51 MP: 8/14
  7179 | D:6      | Learned a level 4 spell: Petrify
  7504 | D:7      | Reached * piety under Vehumet
  7504 | D:7      | Offered knowledge of Magic Dart by Vehumet.
  8003 | D:7      | Reached skill level 5 in Fighting
  8259 | D:7      | Offered knowledge of Searing Ray by Vehumet.
  8742 | D:8      | Reached ** piety under Vehumet
  8825 | D:8      | Reached XP level 10. HP: 58/59 MP: 17/17
  8839 | D:8      | Reached skill level 5 in Spellcasting
  8919 | D:8      | Noticed a death yak
  8920 | D:8      | Noticed a death yak
  9048 | D:8      | Noticed a cyclops
  9380 | D:9      | Found a sparkling altar of Nemelex Xobeh.
  9421 | D:9      | Offered knowledge of Frozen Ramparts by Vehumet.
  9470 | D:9      | Learned a level 3 spell: Frozen Ramparts
  9597 | D:9      | Found a shimmering altar of Xom.
  9955 | D:9      | Reached *** piety under Vehumet
 10020 | D:9      | Noticed Erolcha
 10027 | D:9      | Killed Erolcha
 10028 | D:9      | Reached skill level 1 in Ice Magic
 10191 | D:10     | Entered Level 10 of the Dungeon
 10349 | D:10     | Noticed Josephine
 10357 | D:10     | Killed Josephine
 10362 | D:10     | Reached XP level 11. HP: 43/66 MP: 6/20
 10500 | D:10     | Offered knowledge of Sticky Flame by Vehumet.
 10610 | D:10     | Noticed Erica
 10611 | D:10     | Found a runed translucent door.
 10622 | D:10     | Killed Erica
 10624 | D:10     | Reached skill level 15 in Earth Magic
 10651 | D:10     | Found a basalt altar of Yredelemnul.
 10673 | D:10     | Found Bauhotayt's Weapon Boutique.
 10800 | D:10     | Found Kolohy's Antique Armour Boutique.
 10807 | D:10     | Bought a faintly glowing cloak for 304 gold pieces
 10817 | D:10     | Identified the +2 cloak "Gunum" {*Contam Rampage rN+} (You
                  | bought it in a shop on level 10 of the Dungeon)
 10849 | D:10     | Noticed Gastronok
 10852 | D:10     | Noticed Psyche
 10911 | D:10     | Killed Psyche
 11086 | D:10     | Killed Gastronok
 11087 | D:10     | Reached skill level 5 in Dodging
 11183 | D:10     | Noticed Fannar
 11191 | D:10     | Killed Fannar
 11470 | D:8      | Noticed Joseph
 11501 | D:8      | Killed Joseph
 11558 | D:8      | Found a runed translucent door.
 11558 | D:8      | Noticed a centaur warrior
 11558 | D:8      | Noticed a two-headed ogre
 11559 | D:8      | Found a runed translucent door.
 11559 | D:8      | Noticed a boulder beetle
 11580 | D:8      | Killed a cyclops
 11581 | D:8      | Reached XP level 12. HP: 38/73 MP: 21/23
 11725 | D:8      | Noticed an ice dragon
 11728 | D:8      | Found a runed translucent door.
 11773 | D:8      | Reached **** piety under Vehumet
 11879 | D:8      | Found a staircase to the Lair.
 11903 | Lair:1   | Entered Level 1 of the Lair of Beasts
 11968 | Lair:1   | You fall into a shaft and drop 1 floor!
 12028 | Lair:2   | Noticed a boulder beetle
 12056 | Lair:2   | Found a staircase to the Shoals.
 12067 | Lair:2   | Reached skill level 5 in Ice Magic
 12148 | Lair:2   | Noticed a six-headed hydra
 12156 | Lair:2   | Killed a six-headed hydra
 13166 | Lair:2   | Killed a boulder beetle
 14054 | Lair:3   | Noticed a catoblepas
 14068 | Lair:3   | Killed a catoblepas
 14146 | Lair:3   | Offered knowledge of Fulminant Prism by Vehumet.
 14419 | Lair:3   | Found the ring of Shadows {Umbra +Inv Stlth+}
 14853 | Lair:4   | Found a staircase to the Snake Pit.
 15023 | Lair:4   | Reached XP level 13. HP: 62/80 MP: 26/26
 15249 | Lair:4   | Reached skill level 1 in Conjurations
 15339 | Lair:4   | Reached skill level 10 in Spellcasting
 15512 | Lair:4   | Reached ***** piety under Vehumet
 15635 | Lair:4   | Offered knowledge of Freezing Cloud by Vehumet.
 16261 | Lair:5   | Reached skill level 1 in Shields
 16333 | Lair:5   | Reached skill level 10 in Fighting
 16338 | Lair:5   | Reached skill level 1 in Armour
 17634 | Lair:6   | Entered Level 6 of the Lair of Beasts
 17829 | Lair:6   | Found a broken altar of Ashenzari.
 18006 | Lair:6   | Noticed Sonja
 18017 | Lair:6   | Killed Sonja
 18093 | Lair:6   | Gained mutation: Your large and strong wings let you fly
                  | indefinitely. [Gargoyle growth]
 18093 | Lair:6   | Reached XP level 14. HP: 54/88 MP: 23/29
 18168 | Lair:6   | Found a staircase to the Slime Pits.
 18169 | Lair:6   | Found a viscous altar of Jiyva.
 18635 | Lair:6   | Learned a level 6 spell: Freezing Cloud
 19109 | Lair:6   | Found a runed translucent door.
 19171 | Lair:6   | Offered knowledge of Hailstorm by Vehumet.
 19172 | Lair:6   | Reached skill level 5 in Armour
 19933 | D:8      | Got a vibrating platinum ring
 19935 | D:8      | Identified the ring "Useuriuc" {Str+6 Dex+4} (You found it
                  | on level 8 of the Dungeon)
 19955 | D:8      | Got a warped bone ring
 19962 | D:8      | Identified the ring "Celo" {+Fly Str+7 Int+2 Dex-4 SInv}
 19985 | D:8      | Got an ancient jade ring
 20894 | D:11     | Found a staircase to the Orcish Mines.
 21400 | D:11     | Found Teihyn's Distillery.
 21406 | D:11     | Identified the ring of Xyshinom {SInv Stlth-} (You found it
                  | on level 8 of the Dungeon)
 21408 | D:11     | Identified the ring "Vecor" {+Fly rPois} (You found it on
                  | level 8 of the Dungeon)
 21419 | D:11     | Bought 2 potions of heal wounds for 140 gold pieces
 21419 | D:11     | Bought a potion of haste for 140 gold pieces
 21707 | Orc:1    | Entered Level 1 of the Orcish Mines
 21712 | Orc:2    | Entered Level 2 of the Orcish Mines
 21837 | Orc:1    | Found a frozen archway.
 21854 | Orc:1    | Reached skill level 10 in Ice Magic
 21858 | IceCv    | Entered an ice cave
 21862 | IceCv    | Reached XP level 15. HP: 52/92 MP: 16/31
 22276 | IceCv    | Learned a level 6 spell: Ozocubu's Refrigeration
 22346 | Orc:1    | Offered knowledge of Spellforged Servitor by Vehumet.
 22686 | Orc:1    | Found a roughly hewn altar of Beogh.
 23405 | Orc:2    | Found Qaeq's Gadget Boutique.
 23426 | Orc:2    | Paralysed by an orc sorcerer for 2 turns
 23595 | Orc:2    | Found Mingoipu's Assorted Antiques.
 23602 | Orc:2    | Found Xosaeso's Antique Armour Boutique.
 23605 | Orc:2    | Found Xuimmidgh's Antique Armour Shop.
 23628 | Orc:2    | Bought a dyed leather armour for 165 gold pieces
 23632 | Orc:2    | Bought a scroll labelled KIDYEH UZEGGA for 36 gold pieces
 23632 | Orc:2    | Bought a scroll labelled IKLYFR QASAYT for 36 gold pieces
 23831 | Orc:2    | Found a staircase to the Elven Halls.
 23927 | Orc:2    | Noticed Azrael
 23931 | Orc:2    | Killed Azrael
 24763 | D:12     | Reached ****** piety under Vehumet
 24763 | D:12     | Offered knowledge of Irradiate by Vehumet.
 25623 | D:13     | Noticed Kirke
 25743 | D:13     | Killed Kirke
 26008 | D:13     | Found a gate to the Vaults.
 26268 | D:13     | Reached skill level 1 in Staves
 26375 | D:13     | Reached XP level 16. HP: 98/98 MP: 33/33
 27140 | D:14     | Offered knowledge of Iron Shot by Vehumet.
 28548 | D:15     | Entered Level 15 of the Dungeon
 29261 | D:15     | Identified Roxanne's Handbook of Transmutation
 29261 | D:15     | Noticed Roxanne
 29267 | D:15     | Killed Roxanne
 29270 | D:15     | Noticed Louise
 29278 | D:15     | Killed Louise
 29906 | D:15     | Found a staircase to the Depths.
 30327 | Snake:1  | Entered Level 1 of the Snake Pit
 30623 | Snake:1  | Offered knowledge of Eringya's Noxious Bog by Vehumet.
 30748 | Snake:1  | Found Routs's Magic Scroll Boutique.
 30750 | Snake:1  | Found Vyipp's Weapon Shop.
 30752 | Snake:1  | Found Hemei's Armour Boutique.
 30764 | Snake:1  | Reached skill level 5 in Staves
 30765 | Snake:1  | Bought a scroll of blinking for 75 gold pieces
 30978 | Snake:1  | Reached XP level 17. HP: 102/106 MP: 35/35
 31127 | Snake:1  | Found a shimmering blue altar of Sif Muna.
 32153 | Snake:2  | Found a transporter.
 32873 | Snake:2  | Reached skill level 15 in Ice Magic
 32975 | Snake:2  | Identified a scroll of acquirement
 32975 | Snake:2  | Acquired the Volume of Ashen Combat Magic
 33012 | Snake:2  | Learned a level 5 spell: Borgnjor's Vile Clutch
 33424 | Snake:2  | Found a transporter.
 33479 | Snake:2  | Paralysed by a Zot trap for 5 turns
 33573 | Snake:2  | Got a shimmering iron amulet
 33586 | Snake:2  | Got a smoking bone amulet
 33599 | Snake:2  | Identified the amulet of the Seven Queens {RegenMP *Slow
                  | rPois rF+++ Str+3} (You found it on level 2 of the Snake
                  | Pit)
 33609 | Snake:2  | Identified the amulet of Xaxza {Faith rPois rC+ Str+4
                  | Int-2} (You found it on level 2 of the Snake Pit)
 33684 | Snake:2  | Got an iridescent scimitar
 33685 | Snake:2  | Identified the +8 scimitar of Xuashe {freeze, rN+} (You
                  | found it on level 2 of the Snake Pit)
 33753 | Snake:3  | Found Axteps's Armour Shoppe.
 33784 | Snake:3  | Found a flickering gateway to a bazaar.
 33795 | Bazaar   | Entered a bazaar
 33795 | Bazaar   | Found Plog's Antique Weapon Shoppe.
 33795 | Bazaar   | Found Wuott's Gadget Boutique.
 33795 | Bazaar   | Found Leewkesu's Jewellery Shoppe.
 33795 | Bazaar   | Found Qiemef's Jewellery Shop.
 33974 | Bazaar   | Found Luxad's Book Emporium.
 33974 | Bazaar   | Found Myic's Magic Scroll Shop.
 34001 | Bazaar   | Bought the ring "Suiquat" {Will+ Dex+4} for 282 gold pieces
 34012 | Bazaar   | Bought a Grand Grimoire for 1324 gold pieces
 34748 | Snake:4  | Entered Level 4 of the Snake Pit
 34899 | Snake:4  | Reached XP level 18. HP: 113/114 MP: 30/36
 35890 | Snake:4  | Offered knowledge of Lehudib's Crystal Spear by Vehumet.
 35902 | Snake:4  | Learned a level 8 spell: Lehudib's Crystal Spear
 36472 | Snake:4  | Got a serpentine rune of Zot
 36942 | Shoals:1 | Entered Level 1 of the Shoals
 36946 | Shoals:1 | Found a glowing golden altar of the Shining One.
 37002 | Shoals:1 | Found Pelal's Gadget Shoppe.
 37159 | Shoals:1 | Found a burning altar of Makhleb.
 38285 | Shoals:2 | Noticed Polyphemus
 38291 | Shoals:2 | Killed Polyphemus
 38292 | Shoals:2 | Reached skill level 10 in Staves
 38292 | Shoals:2 | Reached XP level 19. HP: 92/121 MP: 37/37
 38584 | Shoals:2 | Identified the cursed +0 pair of boots of the Blind
                  | Marksman {Harm *Corrode rElec Int+7} (You found it on level
                  | 2 of the Shoals)
 38589 | Shoals:2 | Offered knowledge of Shatter by Vehumet.
 38589 | Shoals:2 | Offered knowledge of Chain Lightning by Vehumet.
 38589 | Shoals:2 | Offered knowledge of Absolute Zero by Vehumet.
 38810 | Shoals:2 | Noticed Donald
 38816 | Shoals:2 | Killed Donald
 39247 | Shoals:2 | Noticed Aizul
 39254 | Shoals:2 | Killed Aizul
 41090 | Shoals:4 | Entered Level 4 of the Shoals
 41503 | Shoals:4 | Reached skill level 15 in Fighting
 41712 | Shoals:4 | Got a barnacled rune of Zot
 42987 | Shoals:2 | Reached XP level 20. HP: 86/129 MP: 16/38
 43397 | Vaults:1 | Entered Level 1 of the Vaults
 44362 | Vaults:1 | Found a runed translucent door.
 44362 | Vaults:1 | Found a shimmering altar of Xom.
 44362 | Vaults:1 | Noticed astronautguy's ghost (master FoEE)
 44362 | Vaults:1 | Identified the +5 morningstar "Globulus" {chaos, rElec
                  | rPois rN+ Int-3}
 44433 | Vaults:1 | Found Neomut's Jewellery Shop.
 45375 | Vaults:2 | Found a ruined gateway.
 45505 | Desolati | Entered the Desolation of Salt
 47160 | Vaults:2 | Found Xaxuygau's General Store.
 47319 | Vaults:2 | Learned a level 9 spell: Absolute Zero
 47654 | Vaults:2 | Found a staircase to the Crypt.
 47872 | Vaults:3 | Reached XP level 21. HP: 132/134 MP: 39/39
 48283 | Vaults:3 | You are sucked into a shaft and drop 1 floor!
 48312 | Vaults:4 | Noticed Sojobo
 48318 | Vaults:4 | Killed Sojobo
 48711 | Vaults:3 | Found a large runed translucent door.
 48711 | Vaults:3 | Found a large runed translucent door.
 48711 | Vaults:3 | Noticed theMacoje's ghost (adept OgEn)
 48711 | Vaults:3 | Noticed SpeedRobin's ghost (adept DDFi)
 48750 | Vaults:3 | Killed SpeedRobin's ghost
 48752 | Vaults:3 | Killed theMacoje's ghost
 49832 | Vaults:3 | Acquired a +1 pair of gloves of strength
 51396 | Vaults:4 | Found a large runed translucent door.
 51396 | Vaults:4 | Found a large runed translucent door.
 51396 | Vaults:4 | Noticed kelmiir's ghost (adept GnFE)
 51396 | Vaults:4 | Noticed Marixus's ghost (adept HOFi)
 51431 | Vaults:4 | Reached skill level 15 in Spellcasting
 51433 | Vaults:4 | Killed kelmiir's ghost
 51434 | Vaults:4 | Reached XP level 22. HP: 105/140 MP: 40/41
 51434 | Vaults:4 | Killed Marixus's ghost
 52074 | Vaults:5 | Entered Level 5 of the Vaults
 52135 | Vaults:5 | Noticed a golden dragon
 52492 | Elf:1    | Entered Level 1 of the Elven Halls
 52855 | Elf:1    | Identified the Guide on Creative Battle Magic
 52992 | Elf:1    | Reached skill level 10 in Dodging
 53577 | Elf:2    | Found a portal to a secret trove of treasure.
 53596 | Elf:2    | You paid a toll of 5 scrolls of fog to enter a treasure
                  | trove
 53597 | Trove    | Entered a treasure trove
 53609 | Trove    | Got an ancient buckler
 53619 | Trove    | Identified the +1 buckler "Hewothri" {Slay+3} (You found it
                  | in a treasure trove)
 53644 | Trove    | Identified the cursed +0 scale mail of the Maze {Rampage}
                  | (You found it in a treasure trove)
 53648 | Trove    | Found the -2 hat of the Alchemist {rElec rPois rF+ rC+ rN+
                  | Will+ rMut rCorr}
 53686 | Trove    | Identified the +1 buckler "Vetus" {rElec rC+} (You found it
                  | in a treasure trove)
 53702 | Trove    | Identified a +0 pair of boots of running (You found it in a
                  | treasure trove)
 54234 | Elf:2    | Found Riurr's Magic Scroll Shop.
 54237 | Elf:2    | Bought a scroll of teleportation for 42 gold pieces
 54237 | Elf:2    | Found a shimmering altar of Xom.
 54349 | Elf:2    | Found a runed translucent gate.
 54582 | Elf:2    | Found a runed translucent gate.
 54588 | Elf:2    | Found a runed translucent gate.
 55628 | Elf:3    | Entered Level 3 of the Elven Halls
 55875 | Elf:3    | Reached XP level 23. HP: 144/144 MP: 42/42
 55947 | Elf:3    | Found Vuhub's Antique Weapon Shop.
 56902 | Elf:3    | Noticed Saint Roka
 56905 | Elf:3    | Killed Saint Roka
 56994 | Elf:3    | Identified the +2 robe of Parlour Games {rCorr Str+2} (You
                  | found it on level 3 of the Elven Halls)
 57077 | Elf:3    | Identified the Collected Works on the Traveller and Unholy
                  | Magic
 57209 | Elf:3    | Learned a level 9 spell: Shatter
 57771 | Vaults:5 | Killed a golden dragon
 57808 | Vaults:5 | Noticed an ancient lich
 57880 | Vaults:5 | Killed an ancient lich
 57881 | Vaults:5 | Reached XP level 24. HP: 45/150 MP: 28/44
 58618 | Vaults:5 | Paralysed by a floating eye for 2 turns
 59120 | Vaults:5 | Got a silver rune of Zot
 60001 | Depths:1 | Entered Level 1 of the Depths
 60412 | Depths:1 | Found a gateway to Hell.
 60528 | Depths:1 | Found Onouguvi's Gadget Shop.
 60529 | Depths:1 | Found Qesan's Jewellery Shoppe.
 60530 | Depths:1 | Found Nalushro's Gadget Shop.
 60985 | Depths:1 | Found a broken altar of Ashenzari.
 61447 | Depths:2 | Noticed the Enchantress
 61450 | Depths:2 | Killed the Enchantress
 61714 | Depths:2 | Noticed a caustic shrike
 61722 | Depths:2 | Reached skill level 5 in Shields
 61722 | Depths:2 | Killed a caustic shrike
 61741 | Depths:2 | Reached XP level 25. HP: 125/155 MP: 22/45
 63416 | Depths:3 | Found a one-way gate leading to the halls of Pandemonium.
 63462 | Depths:3 | Found Tacett's Mass Market.
 64889 | Depths:4 | Reached XP level 26. HP: 160/160 MP: 43/45
 65122 | Depths:4 | Acquired a book of Dreams
 65325 | Depths:4 | Reached skill level 10 in Shields
 65493 | Depths:4 | Found a one-way gate to the infinite horrors of the Abyss.
 65749 | Depths:4 | Identified the Collected Works on the Voyage and Flight
 65932 | Depths:5 | Entered Level 5 of the Depths
 66153 | Depths:5 | Noticed a juggernaut
 66156 | Depths:5 | Killed a juggernaut
 67381 | Depths:5 | Found a gate to the Realm of Zot.
 67387 | Depths:5 | Reached XP level 27. HP: 101/165 MP: 20/46
 67640 | Depths:5 | Found a gateway to a ziggurat.
 67951 | Depths:4 | Voluntarily entered the Abyss.
 68928 | Abyss:2  | Found a corrupted altar of Lugonu.
 70199 | Abyss:3  | Noticed an ancient lich
 70202 | Abyss:3  | Killed an ancient lich
 70380 | Abyss:3  | Noticed an ancient lich
 70389 | Abyss:3  | Killed an ancient lich
 70410 | Abyss:3  | Got an abyssal rune of Zot
 70567 | Abyss:3  | Learned a level 6 spell: Invisibility
 70570 | Abyss:3  | Learned a level 2 spell: Blink
 70830 | Depths:4 | Escaped the Abyss
 71301 | Slime:1  | Entered Level 1 of the Pits of Slime
 72011 | Slime:2  | Reached skill level 1 in Hexes
 72984 | Slime:5  | Entered Level 5 of the Pits of Slime
 73101 | Slime:5  | Found a viscous altar of Jiyva.
 73101 | Slime:5  | Noticed the Royal Jelly
 73104 | Slime:5  | Killed the Royal Jelly
 73113 | Slime:5  | Reached skill level 5 in Hexes
 73119 | Slime:5  | Got a slimy rune of Zot
 73145 | Slime:5  | Identified the Guide on Supportive Evil Secrets
 73148 | Slime:5  | Found the amulet of Vitality {Regen+ HP+15}
 73151 | Slime:5  | Identified the Reference Book on Bewitching Companions
 73167 | Slime:5  | Acquired 576 gold pieces
 73209 | Slime:5  | Identified the ring "Xyow" {Will+ SInv} (You found it on
                  | level 5 of the Pits of Slime)
 73949 | Hell     | Entered the Vestibule of Hell
 73949 | Hell     | Noticed Geryon
 73950 | Hell     | Killed Geryon
 73981 | Hell     | Reached skill level 15 in Shields
 74612 | Hell     | Found a gateway to the freezing wastes of Cocytus.
 74705 | Hell     | Found a gateway to the Iron City of Dis.
 74789 | Hell     | Found a gateway to the decaying netherworld of Tartarus.
 74865 | Hell     | Found a gateway to the ashen valley of Gehenna.
 75058 | Pan      | Entered Pandemonium
 75962 | Pan      | Noticed Pedaekob the pandemonium lord
 75985 | Pan      | Killed Pedaekob the pandemonium lord
 76772 | Pan      | Gained mutation: You are clumsy. (Dex -2) [a cacodemon]
 76978 | Pan      | Reached skill level 10 in Hexes
 77490 | Pan      | Found an exit through the horrors of the Abyss.
 77838 | Pan      | Entered the realm of Lom Lobon.
 77896 | Pan      | Noticed Lom Lobon
 77899 | Pan      | Killed Lom Lobon
 77958 | Pan      | Got a magical rune of Zot
 78895 | Pan      | Identified the +1 buckler of the Five Shouting Mice {rCorr
                  | Str+5 Int-3 Dex-3}
 78946 | Pan      | Identified the +3 buckler of Jacvoamu {Int+2 Dex+4}
 79057 | Pan      | Noticed a seraph
 79062 | Pan      | Killed a seraph
 79076 | Pan      | Identified the ring of Dicsual {rF+ rCorr}
 79077 | Pan      | Found a glowing golden altar of the Shining One.
 79112 | Pan      | Got a demonic rune of Zot
 79116 | Pan      | Identified the Compendium of Changing
 79119 | Pan      | Identified the cursed +3 great sword of the Eggplant
                  | {drain, Stlth+} (You found it in Pandemonium)
 79445 | Pan      | Found a glowing silver altar of Zin.
 80243 | Pan      | Found a white marble altar of Elyvilon.
 81760 | Pan      | Entered the realm of Cerebov.
 82170 | Pan      | Found the +6 sword of Cerebov {flame}
 82170 | Pan      | Noticed Cerebov
 82173 | Pan      | Killed Cerebov
 82175 | Pan      | Identified the +3 ring mail "Saherch" {rPois rCorr}
 82201 | Pan      | Got a fiery rune of Zot
 82267 | Pan      | Got a smoking jade ring
 82268 | Pan      | Identified the ring "Dyixtaan" {rElec Will+ Str-2 Dex+2
                  | Stlth+} (You found it in Pandemonium)
 82320 | Pan      | Identified Sif Muna's Incunabulum of the Mutagenic Rocks
 82327 | Pan      | Got a steaming pewter amulet
 82333 | Pan      | Identified the amulet of Deschoufa {RegenMP rC+ Dex+2} (You
                  | found it in Pandemonium)
 82569 | Pan      | Identified Sif Muna's Incunabulum of Supportive Shape
                  | Shifting
 82965 | Pan      | Noticed Xufrext the pandemonium lord
 82974 | Pan      | Killed Xufrext the pandemonium lord
 83648 | Pan      | Entered the realm of Gloorx Vloq.
 83701 | Pan      | Noticed Gloorx Vloq
 83707 | Pan      | Killed Gloorx Vloq
 83714 | Pan      | Got a dark rune of Zot
 84246 | Pan      | Noticed Xefauji the pandemonium lord
 84251 | Pan      | Killed Xefauji the pandemonium lord
 84919 | Pan      | Found an exit through the horrors of the Abyss.
 84999 | Pan      | Noticed Hoafat the pandemonium lord
 85002 | Pan      | Killed Hoafat the pandemonium lord
 85021 | Pan      | Entered the realm of Mnoleg.
 85031 | Pan      | Gained mutation: Your body sometimes deteriorates upon
                  | taking damage. [a neqoxec]
 85042 | Pan      | Noticed Mennas
 85106 | Pan      | Killed Mennas
 85417 | Pan      | Found an exit through the horrors of the Abyss.
 85530 | Pan      | Paralysed by a floating eye for 2 turns
 85555 | Pan      | Noticed Mnoleg
 85558 | Pan      | Killed Mnoleg
 85597 | Pan      | Got a glowing rune of Zot
 85702 | Pan      | Took an exit into the Abyss.
 85702 | Abyss:1  | Escaped into the Abyss
 85714 | Abyss:1  | Noticed an ancient lich
 85715 | Abyss:1  | Killed an ancient lich
 85837 | Depths:3 | Escaped the Abyss
 85848 | Depths:3 | Lost mutation: You are clumsy. (Dex -2) [potion of
                  | mutation]
 85848 | Depths:3 | Lost mutation: Your body sometimes deteriorates upon taking
                  | damage. [potion of mutation]
 85848 | Depths:3 | Gained mutation: Your flesh is cold resistant. (rC+)
                  | [potion of mutation]
 85848 | Depths:3 | Gained mutation: You are strong-willed. (Will+) [potion of
                  | mutation]
 86120 | Crypt:1  | Entered Level 1 of the Crypt
 86495 | Crypt:1  | Noticed Margery
 86500 | Crypt:1  | Killed Margery
 87138 | Crypt:1  | Found a runed translucent gate.
 87138 | Crypt:1  | Found a runed translucent gate.
 87138 | Crypt:1  | Found a runed translucent gate.
 87159 | Crypt:1  | Acquired 596 gold pieces
 87608 | Crypt:2  | Found a basalt altar of Yredelemnul.
 87996 | Crypt:2  | Reached skill level 15 in Dodging
 88417 | Crypt:3  | Entered Level 3 of the Crypt
 88461 | Crypt:3  | Noticed Bai Suzhen
 88467 | Crypt:3  | Killed Bai Suzhen
 88468 | Crypt:3  | Noticed Mara
 88473 | Crypt:3  | Killed Mara
 89020 | Crypt:3  | Found a basalt altar of Yredelemnul.
 89122 | Crypt:3  | Noticed an ancient lich
 89124 | Crypt:3  | Killed an ancient lich
 89617 | Crypt:3  | Found a staircase to the Tomb.
 89625 | Crypt:3  | Identified Zarucwirch's Almanac of the Compass and Calling
 89784 | Crypt:3  | Identified the Handbook of Evil Rituals
 90486 | Geh:1    | Entered Level 1 of Gehenna
 90489 | Geh:1    | Reached skill level 1 in Translocations
 91821 | Geh:7    | Entered Level 7 of Gehenna
 92037 | Geh:7    | Reached skill level 5 in Translocations
 92079 | Geh:7    | Gained mutation: You are dopey. (Int -2) [mutagenic glow]
 92939 | Geh:7    | Found the +7 sceptre of Asmodeus
 92939 | Geh:7    | Identified the ring "Gairim" {*Drain rN++ rCorr Str+4}
 92939 | Geh:7    | Noticed Asmodeus
 92942 | Geh:7    | Killed Asmodeus
 92962 | Geh:7    | Got an obsidian rune of Zot
 93047 | Hell     | Lost mutation: You are strong-willed. (Will+) [potion of
                  | mutation]
 93047 | Hell     | Lost mutation: Your flesh is cold resistant. (rC+) [potion
                  | of mutation]
 93047 | Hell     | Lost mutation: You are dopey. (Int -2) [potion of mutation]
 93047 | Hell     | Gained mutation: Your muscles are strong. (Str +2) [potion
                  | of mutation]
 93047 | Hell     | Gained mutation: You are frail. (-10% HP) [potion of
                  | mutation]
 93047 | Hell     | Gained mutation: Your muscles are very strong. (Str +4)
                  | [potion of mutation]
 93048 | Hell     | Lost mutation: Your muscles are very strong. (Str +4)
                  | [potion of mutation]
 93048 | Hell     | Lost mutation: You are frail. (-10% HP) [potion of
                  | mutation]
 93048 | Hell     | Lost mutation: Your muscles are strong. (Str +2) [potion of
                  | mutation]
 93048 | Hell     | Gained mutation: You have sharp fingernails. [potion of
                  | mutation]
 93048 | Hell     | Gained mutation: You are weak. (Str -2) [potion of
                  | mutation]
 93048 | Hell     | Gained mutation: You have supernaturally acute eyesight.
                  | (SInv) [potion of mutation]
 93100 | Dis:1    | Entered Level 1 of the Iron City of Dis
 94180 | Dis:2    | Reached skill level 27 in Spellcasting
 94221 | Dis:2    | Reached skill level 10 in Armour
 94802 | Dis:7    | Entered Level 7 of the Iron City of Dis
 95708 | Dis:7    | Identified the +11 shortbow of Lod Nis {venom, *Slow rF+
                  | Str+4}
 95714 | Dis:7    | Found the +4 staff of Dispater
 95714 | Dis:7    | Noticed Dispater
 95716 | Dis:7    | Killed Dispater
 95721 | Dis:7    | Reached skill level 10 in Translocations
 96202 | Dis:7    | Got an iron rune of Zot
 96672 | Coc:1    | Entered Level 1 of Cocytus
 97109 | Coc:2    | Gained mutation: You are very weak. (Str -4) [mutagenic
                  | glow]
 97190 | Coc:3    | Gained mutation: Your magical capacity is low. (-10% MP)
                  | [mutagenic glow]
 97213 | Coc:3    | Lost mutation: You have supernaturally acute eyesight.
                  | (SInv) [potion of mutation]
 97213 | Coc:3    | Lost mutation: You are very weak. (Str -4) [potion of
                  | mutation]
 97213 | Coc:3    | Lost mutation: You are weak. (Str -2) [potion of mutation]
 97213 | Coc:3    | Lost mutation: Your magical capacity is low. (-10% MP)
                  | [potion of mutation]
 97213 | Coc:3    | Gained mutation: Your flesh is heat resistant. (rF+)
                  | [potion of mutation]
 97213 | Coc:3    | Gained mutation: You have a pair of small horns on your
                  | head. [potion of mutation]
 97911 | Coc:4    | Reached skill level 27 in Fighting
 98046 | Coc:7    | Entered Level 7 of Cocytus
 98519 | Coc:7    | Reached skill level 15 in Armour
 98638 | Coc:7    | Identified the ring "Coam" {rC++ SInv Stlth-}
 98638 | Coc:7    | Noticed Antaeus
 99209 | Hell     | Learned a level 8 spell: Disjunction
 99259 | Coc:3    | You are sucked into a shaft and drop 1 floor!
 99331 | Coc:7    | Killed Antaeus
 99495 | Coc:7    | Got an icy rune of Zot
 99596 | Tar:1    | Entered Level 1 of Tartarus
100670 | Tar:7    | Entered Level 7 of Tartarus
100714 | Tar:7    | Found the +4 skin of Zhor {Englaciate rC+++ SInv}
100732 | Tar:7    | Killed an ancient lich
100760 | Tar:7    | Found the +4 Cigotuvi's embrace {rMiasma *Drain rN+}
100919 | Tar:7    | Identified the Tome of Glacial Ignition
101093 | Tar:7    | Noticed Ereshkigal
101095 | Tar:7    | Killed Ereshkigal
101096 | Tar:7    | Reached skill level 15 in Translocations
101127 | Tar:7    | Got a bone rune of Zot
101415 | Zot:1    | Entered Level 1 of the Realm of Zot
103441 | Zot:3    | Found a shadowy altar of Dithmenos.
104963 | Zot:5    | Entered Level 5 of the Realm of Zot
105615 | Tomb:1   | Entered Level 1 of the Tomb of the Ancients
105696 | Tomb:1   | Reached skill level 27 in Earth Magic
105696 | Tomb:1   | Noticed a royal mummy
105700 | Tomb:1   | Killed a royal mummy
105703 | Tomb:1   | Noticed a royal mummy
105705 | Tomb:1   | Noticed a royal mummy
105708 | Tomb:1   | Killed a royal mummy
105708 | Tomb:1   | Killed a royal mummy
105951 | Tomb:1   | Noticed a royal mummy
105953 | Tomb:1   | Killed a royal mummy
106181 | Tomb:1   | Noticed a royal mummy
106182 | Tomb:1   | Noticed a royal mummy
106186 | Tomb:1   | Killed a royal mummy
106187 | Tomb:1   | Killed a royal mummy
106187 | Tomb:1   | Noticed a royal mummy
106193 | Tomb:1   | Killed a royal mummy
106699 | Tomb:1   | Noticed a royal mummy
106705 | Tomb:1   | Killed a royal mummy
106866 | Tomb:1   | Noticed a royal mummy
106868 | Tomb:1   | Killed a royal mummy
107135 | Tomb:1   | Noticed a royal mummy
107137 | Tomb:1   | Killed a royal mummy
107227 | Tomb:1   | Noticed a royal mummy
107229 | Tomb:1   | Killed a royal mummy
107902 | Tomb:2   | Noticed a royal mummy
107904 | Tomb:2   | Noticed Jory
107905 | Tomb:2   | Noticed a royal mummy
107905 | Tomb:2   | Noticed a royal mummy
107906 | Tomb:2   | Noticed a royal mummy
107907 | Tomb:2   | Killed Jory
107907 | Tomb:2   | Killed a royal mummy
107907 | Tomb:2   | Noticed a royal mummy
107908 | Tomb:2   | Killed a royal mummy
107910 | Tomb:2   | Killed a royal mummy
107911 | Tomb:2   | Killed a royal mummy
107911 | Tomb:2   | Killed a royal mummy
108873 | Tomb:3   | Entered Level 3 of the Tomb of the Ancients
108879 | Tomb:3   | Identified the Compendium of Slavery
108888 | Tomb:3   | Noticed a royal mummy
108888 | Tomb:3   | Noticed a royal mummy
108890 | Tomb:3   | Noticed a royal mummy
108893 | Tomb:3   | Killed a royal mummy
108893 | Tomb:3   | Killed a royal mummy
108893 | Tomb:3   | Noticed a royal mummy
108897 | Tomb:3   | Killed a royal mummy
108898 | Tomb:3   | Killed a royal mummy
109025 | Tomb:3   | Noticed a royal mummy
109029 | Tomb:3   | Killed a royal mummy
109257 | Tomb:3   | Noticed a royal mummy
109259 | Tomb:3   | Killed a royal mummy
109345 | Tomb:3   | Noticed a royal mummy
109348 | Tomb:3   | Killed a royal mummy
109456 | Tomb:3   | Noticed a royal mummy
109460 | Tomb:3   | Noticed a royal mummy
109477 | Tomb:3   | Killed a royal mummy
109477 | Tomb:3   | Killed a royal mummy
109560 | Tomb:3   | Identified the ring "Oneth" {+Fly rN+ Str+3 Int+4 Stlth+}
                  | (You found it on level 3 of the Tomb of the Ancients)
109939 | Tomb:3   | Got a golden rune of Zot
111091 | Zot:5    | Noticed an orb of fire
111091 | Zot:5    | Noticed an orb of fire
111091 | Zot:5    | Gained mutation: You are clumsy. (Dex -2) [an orb of fire]
111095 | Zot:5    | Noticed an ancient lich
111096 | Zot:5    | Killed an orb of fire
111097 | Zot:5    | Killed an orb of fire
111099 | Zot:5    | Killed an ancient lich
111179 | Zot:5    | Noticed an ancient lich
111182 | Zot:5    | Killed an ancient lich
111255 | Zot:5    | Noticed an ancient lich
111256 | Zot:5    | Noticed an orb of fire
111261 | Zot:5    | Killed an orb of fire
111262 | Zot:5    | Killed an ancient lich
111262 | Zot:5    | Noticed an ancient lich
111272 | Zot:5    | Killed an ancient lich
111278 | Zot:5    | Noticed an orb of fire
111279 | Zot:5    | Killed an orb of fire
111577 | Zot:5    | Noticed an orb of fire
111579 | Zot:5    | Killed an orb of fire
111581 | Zot:5    | Got the Orb of Zot
111727 | Zot:1    | Gained mutation: Your spells are a little easier to cast,
                  | but a little less powerful. [mutagenic glow]
111821 | Depths:3 | Found a runed translucent door.
112468 | D:$      | Escaped with the Orb!

Illustrated notes

Levels and vault maps discovered:
D:1:      ncdulo_smallfort, layout_loops_ring, minmay_misc_feat_more_columns
D:2:      layout_loops_ring
D:3:      layout_basic, nrook_mini_vaults, roderic_st_hans_cross, uniq_robin,
          uniq_sigmund
D:4:      layout_loops_ring, serial_shops, nicolae_shop_trees
D:5:      layout_rooms, nicolae_ossuary_entry_giza
D:6:      layout_loops_cross, temple_doors_e, st_stairs_14
D:7:      layout_cave_pods, st_stairs_8, minmay_fire_ice_demons
D:8:      minmay_the_grid_triangle_9x9_recursive_2
          [minmay_the_grid_triangle_9x9_prize_special,
          minmay_the_grid_triangle_9x9_swiss_cheese,
          minmay_the_grid_triangle_9x9_fully_insulated_deathbox,
          minmay_the_grid_triangle_9x9_sprig], layout_basic, dpeg_lair_monsters,
          minmay_misc_feat_square, uniq_joseph
D:9:      layout_loops_corners, nemelex_xobeh_ov_fountains_minmay, tgw_xom,
          uniq_erolcha
D:10:     layout_loops_ring, serial_shops, shop, shop, dk_yredelemnul_ordeal,
          uniq_psyche, uniq_erica, uniq_gastronok, uniq_josephine, uniq_fannar
D:11:     layout_gridville, orc_0_dummy, serial_rivers,
          chequers_serial_rivers_large_b, chequers_serial_rivers_marsh,
          chequers_serial_rivers_micro_e, chequers_serial_rivers_large_a,
          chequers_serial_rivers_room_a, serial_shops, shop, wad_mini_maze
D:12:     layout_rooms, evilmike_minifort
D:13:     layout_roguey, lightli_vaults_fourway_checkpoint, uniq_kirke
D:14:     layout_layer_cave, minmay_misc_feat_room
D:15:     hangedman_depths_entry_try_elsewhere_first, layout_basic,
          minmay_misc_feat_secret_circle, hangedman_abyss_or_decor_passed,
          uniq_roxanne, uniq_louise
Temple:   nicolae_temple_the_god_donut
Lair:1:   layout_gridlike, beast_lair_carwin_11
Lair:2:   layout_chaotic_city, shoals_dummy_entry
Lair:3:   layout_loops_ring, lemuel_fruit_tree, infiniplex_staircase_pool_2
Lair:4:   minmay_lair_venomous_thicket, layout_concentric_octagons,
          minmay_snake_entry_six_corridors
Lair:5:   layout_regular_city, serial_bayou_shore_a, grunt_megastairs_2
Lair:6:   wormcave, layout_cave_pods, guppyfry_lair_end_dragon, slime_altar_1,
          basic_altar, uniq_sonja
Shoals:1: layout_shoals, serial_shops, nicolae_shop_stone,
          hangedman_feature_mirror
Shoals:2: cheibrodos_shoals_gigantism, layout_shoals, uniq_aizul,
          uniq_polyphemus, uniq_donald
Shoals:3: layout_shoals, nicolae_shoals_this_corrosion
Shoals:4: shoals_end_simple, layout_shoals, nicolae_shoals_square_sea_wall
Snake:1:  layout_grid_maze, basic_altar, minmay_shop_star, serial_bayou_shore_b,
          grunt_megastairs_1
Snake:2:  gammafunk_its_a_trap, layout_misc_corridors
Snake:3:  layout_onion_interference, serial_shops, bzr_entry_islet, shop,
          drop_trap
Snake:4:  grunt_snake_rune_pools, layout_cave_town, grunt_ministairs_6
Slime:1:  layout_caves, cheibrodos_slime_lost_civilization_6
Slime:2:  layout_caves, nicolae_slime_round_cave
Slime:3:  layout_caves
Slime:4:  layout_caves
Slime:5
Orc:1:    layout_caves, portal_ice_cave_entry_animals_and_master, basic_altar
Orc:2:    st_orc_mages, layout_diamond_mine, nicolae_orc_crystal_geode,
          uniq_azrael
Elf:1:    layout_gridlike, minmay_elf_sorcery
Elf:2:    layout_gridlike, nicolae_trove_entry_free_sample, basic_altar,
          serial_shops, nicolae_shop_behind_doors
Elf:3:    elf_hall, layout_onion_city, serial_shops, nicolae_shop_stone,
          nicolae_elf_glass_and_crystal_pillar_1, uniq_saint_roka
Vaults:1: ebering_vaults_ghost_xom, vaults_standard_mumra_x,
          nicolae_vaults_little_ls, ontoclasm_vaults_gateway,
          ontoclasm_vaults_shuriken, nicolae_vaults_little_squares_3,
          vaults_room_pool, v_misc_8, vaults_room_corners, v_rooms_5,
          nicolae_vaults_circle_grid_a, vaults_room_grid,
          layout_vaults_omnigrid, serial_shops, shop
Vaults:2: minmay_crypt_entry_vampire_xt, v_misc_2, hangedman_vaults_restitches,
          nicolae_vaults_asterisk, st_more_cells, hangedman_vaults_impose,
          hangedman_vaults_impose, ontoclasm_vaults_twist, vaults_room_pool,
          nicolae_vaults_little_squares_6, vaults_mumra_chevron_long,
          v_alt_pattern_4, vaults_dpeg_diagonal, ontoclasm_vaults_ligature,
          nicolae_vaults_border_crossing, nicolae_vaults_ring_of_whatevers,
          layout_vaults_omnibox, portal_desolation_entry_nicolae_slug,
          serial_shops, shop_statue
Vaults:3: advil_vaults_ghost_guards, nicolae_vaults_specimen_jars,
          nicolae_vaults_network_square, vaults_room_door_ring,
          hangedman_vaults_slither, ontoclasm_vaults_ring_small,
          hangedman_vaults_nails, v_misc_9, v_misc_4, ontoclasm_vaults_pinch,
          v_alt_pattern_3, v_misc_11, vaults_room_stairs_pillars, st_lattice,
          layout_vaults_big_cross
Vaults:4: advil_vaults_ghost_guards, v_rooms_3, nicolae_vaults_murderbox,
          grunt_vaults_hallway_long, v_rooms_5, hangedman_vaults_capsules,
          nicolae_vaults_what_the_h, nicolae_vaults_little_squares_5,
          nicolae_vaults_alarming, v_misc_3, layout_vaults_chaotic_city,
          uniq_sojobo
Vaults:5
Crypt:1:  layout_misc_corridors, hex_medium, ebering_dispersal_statue_hall,
          pandoras_box_mu, grunt_crypt_arrival_split, uniq_margery
Crypt:2:  layout_basic, basic_altar
Crypt:3:  cryptofortress_bobbens, uniq_bai_suzhen, uniq_mara
Tomb:1
Tomb:2:   uniq_jory
Tomb:3
Depths:1: layout_basic, ashenzari_altar_1, grunt_hell_entry_dis_mu,
          item_on_display_a, infiniplex_staircase_pool_lava, minmay_shop_grove
Depths:2: grunt_arcs, layout_gridlike, special_room [special_room_mythical_zoo],
          hell_entry, serial_bayou_ford_a, infiniplex_staircase_zigzag_5,
          uniq_enchantress
Depths:3: impenetrable_vault, layout_honeycomb, serial_co_window_serial,
          co_window_paths_b, co_window_corner_a, co_window_corner_a,
          co_window_paths_b, co_window_paths_b, co_window_corner_a,
          co_window_of_opportunity_a, co_window_of_opportunity_b,
          co_window_broadway_a, co_window_corner_b, co_window_4corner_a,
          glass_columns_a, hell_entry, pan_entry, minmay_shop_mass
Depths:4: minmay_swirls_squares, layout_cave_pools, abyss_entry,
          hangedman_coc_ice_floe, pan_entry
Depths:5: grunt_zot_entry_bicorn, layout_long_grid, enter_ziggurat_b,
          minmay_crystal_water, lightli_too_deep, kennysheep_random_hallway,
          grunt_megastairs_4
Hell
Dis:1:    layout_regular_city
Dis:2:    layout_overlapping_boxes
Dis:3:    layout_gridville
Dis:4:    hangedman_iron_city_apartments, layout_chaotic_city
Dis:5:    layout_jigsaw, hangedman_dis_chains, nicolae_dis_strange_trophy_room,
          grunt_megastairs_3
Dis:6:    layout_subdivisions
Dis:7:    iron_city_of_dis [dis_grunt, dis_wall_6], layout_chaotic_city
Geh:1:    layout_gehenna_lava_caves
Geh:2:    layout_gehenna_lava_caves, hangedman_elemental_grid_stream
Geh:3:    layout_gehenna_lava_caves
Geh:4:    layout_gehenna_pools_box
Geh:5:    layout_gehenna_pools_basic, special_room [special_room_morgue]
Geh:6:    layout_gehenna_pools_triple
Geh:7:    geh_grunt_pentagon
Coc:1:    layout_ice_bergs
Coc:2:    layout_cocytus_water_paths
Coc:3:    layout_ice_bergs
Coc:4:    layout_cocytus_delve, evilmike_ambush [evilmike_ambush_outer_corners,
          evilmike_ambush_inner_pond]
Coc:5:    layout_ice_bergs
Coc:6:    layout_cocytus_water_paths
Coc:7:    coc_hangedman
Tar:1:    layout_grid_maze, nicolae_tar_cuneiform_heaven
Tar:2:    layout_honeycomb
Tar:3:    layout_catacombs, lemuel_nasty_fountain
Tar:4:    layout_catacombs
Tar:5:    layout_catacombs, nicolae_tar_cuneiform_not
Tar:6:    layout_cathedral_of_symmetry
Tar:7:    tar_old
Zot:1:    layout_gridlike, grunt_ministairs_5
Zot:2:    layout_cathedral_of_symmetry
Zot:3:    layout_misc_corridors, basic_altar, grunt_megastairs_5
Zot:4:    layout_gridlike
Zot:5:    layout_gridlike, st_stairs_2

Skill      XL: |  1  2  3  4  5  6  7  8  9 10 11 12 13 14 15 16 17 18 19 20 21 22 23 24 25 26 27 |
---------------+----------------------------------------------------------------------------------+-----
Earth Magic    | 4 5 6 8 9 11 12 13 14 15 16 17 18 20 22 27 | 27.0
Fighting       | 3 5 6 8 9 10 11 13 14 15 27 | 27.0
Spellcasting   | 3 4 6 7 9 11 12 13 14 15 17 18 19 27 | 27.0
Dodging        | 3 4 5 7 9 10 22 | 22.8
Ice Magic      | 2 4 6 8 10 12 14 15 17 19 20 21 22 24 25 | 25.0
Conjurations   | 2 4 |  4.8
Shields        | 4 5 9 12 20 | 20.9
Armour         | 3 6 8 19 | 19.4
Staves         | 1 5 8 10 11 12 | 12.0
Hexes          | 10 | 10.3
Translocations | 20 | 20.1
Stealth        | |  2.1
Transmutations | |  0.7

Action                   |  1- 3 |  4- 6 |  7- 9 | 10-12 | 13-15 | 16-18 | 19-21 | 22-24 | 25-27 || total
-------------------------+-------+-------+-------+-------+-------+-------+-------+-------+-------++-------
Melee: Dagger            |    79 |   179 |     1 |       |       |       |       |       |       ||   259
       Unarmed           |     5 |       |       |       |     3 |       |       |       |       ||     8
       Flail             |       |       |   382 |       |       |       |       |       |       ||   382
       Trident           |       |       |    53 |   547 |   538 |       |       |       |       ||  1138
       Whip              |       |       |       |    57 |       |       |       |       |       ||    57
       Staff             |       |       |       |       |   261 |   461 |   230 |   248 |  4423 ||  5623
       Headbutt          |       |       |       |       |       |       |       |       |   200 ||   200
 Cast: Sandblast         |    26 |    43 |    68 |    81 |   203 |    24 |    15 |    16 |    20 ||   496
       Lee's Rapid Decon |       |       |     9 |    21 |    62 |     9 |     4 |     6 |    23 ||   134
       Frozen Ramparts   |       |       |       |    19 |    37 |       |       |       |       ||    56
       Stone Arrow       |       |       |       |       |    39 |    34 |    28 |    16 |    19 ||   136
       Ozocubu's Refrige |       |       |       |       |    90 |   324 |   445 |   237 |   818 ||  1914
       Borgnjor's Vile C |       |       |       |       |       |     7 |    14 |       |     8 ||    29
       Absolute Zero     |       |       |       |       |       |       |    11 |    51 |   547 ||   609
       Shatter           |       |       |       |       |       |       |       |       |   479 ||   479
       Blink             |       |       |       |       |       |       |       |       |    10 ||    10
       Invisibility      |       |       |       |       |       |       |       |       |     8 ||     8
 Abil: Fly               |       |       |       |       |     1 |       |       |       |       ||     1
Evoke: Wand              |       |       |       |       |       |       |     4 |       |    13 ||    17
  Use: Scroll            |       |     3 |     5 |     5 |    16 |    15 |     7 |    14 |    26 ||    91
       Potion            |       |       |       |       |     4 |       |     2 |     4 |    44 ||    54
 Stab: Sleeping          |     4 |     5 |     6 |    10 |     5 |       |     3 |     1 |       ||    34
       Distracted        |       |       |       |     1 |     1 |       |     1 |     1 |     1 ||     5
       Confused          |       |       |       |       |     1 |       |       |       |       ||     1
       Invisible         |       |       |       |       |       |       |       |       |    10 ||    10
Armor: Robe              |    43 |    83 |   229 |       |       |   112 |   142 |    99 |       ||   708
       Steam dragon scal |       |       |    78 |   430 |   652 |   215 |       |       |       ||  1375
       Acid dragon scale |       |       |       |       |       |       |       |     7 |  1928 ||  1935
Dodge: Dodged            |    53 |   137 |   343 |   522 |   837 |   323 |   168 |   114 |  2574 ||  5071
Block: Buckler           |       |       |       |       |   197 |   117 |    67 |    49 |  1454 ||  1884
